 Dungeon Crawl Stone Soup version 0.30.1-4-g462c640d31 (webtiles) character file.

Game seed: 6502018726412026138

968 Mune the Arsonist (level 8, -4/41 HPs)
             Began as a Gargoyle Fire Elementalist on Aug 13, 2023.
             Slain by Duvessa
             ... wielding a +2 short sword of protection
              (12 damage)
             ... on level 5 of the Dungeon.
             The game lasted 00:16:07 (8679 turns).

Mune the Arsonist (Gargoyle Fire Elementalist)      Turns: 8679, Time: 00:16:08

Health: -4/41      AC: 10    Str: 16    XL:     8   Next: 15%
Magic:  0/11       EV: 11    Int: 17    God:
Gold:   374        SH:  0    Dex:  9    Spells: 4/11 levels left

rFire   . . .        u - staff of earth
rCold   . . .        (no shield)
rNeg    + . .        a - +0 robe
rPois   ∞            (no helmet)
rElec   +            (no cloak)
rCorr   .            k - +1 pair of gloves
SInv    .            (no boots)
Will    .....        g - amulet of the acrobat
Stlth   ++           (no ring)
HPRegen 1.06/turn    (no ring)
MPRegen 0.12/turn

%: acrobat
@: hasted, very quick
A: sickness immunity, AC +5, negative energy resistance 1, electricity
resistance, torment resistance 1, petrification resistance, regeneration 1,
strong 1
a: no special abilities


You were on level 5 of the Dungeon.
You visited 2 branches of the dungeon, and saw 7 of its levels.
You also visited: Ossuary.

You collected 374 gold pieces.

Inventory:

Hand Weapons
 p - a +2 vampiric dagger
Armour
 a - a +0 robe (worn)
 k - a +1 pair of gloves (worn)
 y - a +0 helmet
Magical Staves
 u - a staff of earth (weapon)
Jewellery
 g - an amulet of the acrobat (around neck)
Wands
 v - a wand of acid (7)
Scrolls
 d - a scroll of enchant armour
 f - a scroll of enchant weapon
 h - a scroll of blinking
 i - a scroll of torment {unknown}
 j - 2 scrolls of fear
 n - a scroll of summoning
 q - 4 scrolls of teleportation {unknown}
 s - 2 scrolls of magic mapping {unknown}
 t - a scroll of amnesia {unknown}
Potions
 c - 2 potions of attraction {unknown}
 e - 3 potions of brilliance {unknown}
 l - 3 potions of invisibility {unknown}
 o - 2 potions of degeneration {unknown}
 r - a potion of lignification {unknown}
 w - a potion of heal wounds {unknown}
 x - a potion of cancellation {unknown}
 z - a potion of ambrosia {unknown}
 A - a potion of might {unknown}


   Skills:
 + Level 5.3 Armour
 - Level 1.6 Dodging
 - Level 2.3 Stealth
 - Level 2.0 Spellcasting
 * Level 1.8 Conjurations
 - Level 8.0 Fire Magic


You had 4 spell levels left.
You knew the following spells:

 Your Spells              Type           Power      Damage    Failure   Level
a - Foxfire               Conj/Fire      72%        2x1d7     2%          1
b - Scorch                Fire           56%        2d7       1%          2
c - Flame Wave            Conj/Fire      18%        2d7       26%         4

Your spell library contained the following spells:

 Spells                   Type           Power      Damage    Failure   Level
 Inner Flame              Hex/Fire       15%        N/A       11%         3
 Volatile Blastmotes      Fire/Tloc      30%        2d12      11%         3
 Yara's Violent Unravell  Hex/Tmut       0%         3d3       99%         5
 Enfeeble                 Hex            0%         N/A       100%        7


Dungeon Overview and Level Annotations

Branches:
Dungeon (6/15)             Temple (1/1) D:4         Ossuary (visited)

Altars:
Elyvilon
Fedhas
Hepliaklqana
Kikubaaqudgha
Makhleb
Nemelex Xobeh
Qazlal
Ru
Trog
Uskayaw
Wu Jian
Zin
The Shining One
Lugonu

Shops:
D:1 :

Annotations:
D:4 3 runed translucent doors, Zeor's ghost, amateur GrRe
D:5 Duvessa


Innate Abilities, Weirdness & Mutations

You are immune to sickness and miasma.
Your stone body is resilient. (AC +5)
You are immune to poison.
You resist negative energy. (rN+)
You are resistant to electric shocks. (rElec)
You are resistant to unholy torment.
You are immune to petrification.
Your natural rate of healing is unusually fast.
Your muscles are strong. (Str +4, Int/Dex -1)


Message History

Duvessa hits you but does no damage.
You climb upwards.
There is a stone staircase leading down here.
Casting: Foxfire (safe; 2% risk of failure)
Confirm with . or Enter, or press ? or * to list all spells.
You conjure some foxfire!
Duvessa hits you with a +2 short sword of protection. x2
You feel better.
The foxfire hits Duvessa.
Duvessa is lightly wounded.
The foxfire hits Duvessa but does no damage.
Duvessa is lightly wounded.
Duvessa hits you with a +2 short sword of protection!
You hit Duvessa but do no damage.
Duvessa is lightly wounded.
Duvessa hits you with a +2 short sword of protection.
Duvessa closely misses you.
You hit Duvessa but do no damage.
Duvessa is lightly wounded.
Duvessa barely misses you. Duvessa completely misses you.
Casting: Foxfire (safe; 2% risk of failure)
Confirm with . or Enter, or press ? or * to list all spells.
You conjure some foxfire!
Duvessa closely misses you.
You hit Duvessa.
Duvessa is lightly wounded.
The foxfire hits Duvessa but does no damage.
Duvessa is lightly wounded.
The foxfire hits Duvessa but does no damage.
Duvessa is lightly wounded.
Duvessa misses you.
Duvessa hits you with a +2 short sword of protection!
* * * LOW HITPOINT WARNING * * *
You feel better. Duvessa closely misses you.
You barely miss Duvessa.
Duvessa is lightly wounded.
Duvessa hits you with a +2 short sword of protection.
Duvessa hits you with a +2 short sword of protection!
* * * LOW HITPOINT WARNING * * *
You feel yourself speed up.
Duvessa hits you with a +2 short sword of protection!
You die...

##...###...## #.....###...###
#####..#####......# ##..###.###
#.†....# ##...###...###..#...#
#..............##...#
##.#.....##...####.##
#..#...........# ###
#............@####
#.....#.....e....## ###
#...........##....# ###.#
####.......#.........####...###
#.........##...........#......###
#.....................#...#......
#......................#.####....
###.......##...#..........# ##...
.)##..........##.........####....


You could see Duvessa (berserk).

Vanquished Creatures
  An ogre (D:5)
  Dowan (D:6)
  2 centaur zombies (Ossuary)
  2 orc priests (D:5)
  A hound (D:5)
  3 jellies
  A gnoll bouda (D:5)
  6 orc wizards
  An iguana (D:5)
  3 ogre zombies (Ossuary)
  7 mummies (Ossuary)
  4 gnolls (D:5)
  3 adders
  An ufetubus (D:5)
  4 adder zombies (Ossuary)
  2 worms
  2 dart slugs
  20 orcs
  6 endoplasms
  2 giant cockroaches
  7 goblins
  7 hobgoblins
  4 jackals
  11 kobolds
  5 quokkas
  5 ball pythons
  3 bats
  4 frilled lizards
  8 goblin zombies
  3 hobgoblin zombies (Ossuary)
  A jackal zombie (D:5)
  6 kobold zombies (Ossuary)
  2 quokka zombies (Ossuary)
  4 rats
  5 rat zombies (Ossuary)
147 creatures vanquished.

Vanquished Creatures (others)
  An orc wizard (D:5)
  846 foxfires
847 creatures vanquished.

Grand Total: 994 creatures vanquished

Notes
Turn   | Place    | Note
-------+----------+-------------------------------------------
     0 | D:1      | Mune the Gargoyle Fire Elementalist began the quest for the
                  | Orb.
     0 | D:1      | Reached XP level 1. HP: 10/10 MP: 3/3
   368 | D:1      | Reached XP level 2. HP: 15/15 MP: 1/5
   623 | D:1      | Noticed a walking crystal tome
   625 | D:1      | Found Yzuaptuzi's Book Emporium.
   705 | D:1      | Noticed a walking divine tome
  1065 | D:1      | Reached skill level 1 in Armour
  1189 | D:1      | Reached XP level 3. HP: 19/19 MP: 1/6
  1907 | D:2      | Reached skill level 4 in Fire Magic
  2668 | D:2      | Reached XP level 4. HP: 11/24 MP: 0/7
  3033 | D:3      | Found a glowing silver altar of Zin.
  3093 | D:3      | Found a faded altar of an unknown god.
  3297 | D:3      | Found a burning altar of Makhleb.
  3374 | D:3      | Learned a level 2 spell: Scorch
  3379 | D:3      | Learned a level 4 spell: Flame Wave
  3582 | D:3      | Found a blossoming altar of Fedhas.
  3678 | D:3      | Reached XP level 5. HP: 28/28 MP: 4/8
  4022 | D:4      | Found a runed translucent gate.
  4022 | D:4      | Noticed Zeor's ghost (amateur GrRe)
  4023 | D:4      | Found a runed translucent gate.
  4023 | D:4      | Found a runed translucent gate.
  4023 | D:4      | Noticed a kobold brigand
  4059 | D:4      | Reached skill level 5 in Fire Magic
  4469 | D:4      | Found a staircase to the Ecumenical Temple.
  4660 | Temple   | Entered the Ecumenical Temple
  4842 | D:4      | Found a stormy altar of Qazlal.
  5020 | D:4      | Reached XP level 6. HP: 24/32 MP: 1/9
  5626 | D:5      | Entered Level 5 of the Dungeon
  5713 | D:5      | Found a sand-covered staircase.
  5817 | Ossuary  | Entered an ossuary
  6167 | Ossuary  | Reached skill level 6 in Fire Magic
  7230 | Ossuary  | Reached XP level 7. HP: 29/36 MP: 0/10
  7627 | D:5      | Reached skill level 7 in Fire Magic
  7964 | D:5      | Gained mutation: Your natural rate of healing is unusually
                  | fast. [potion of mutation]
  7964 | D:5      | Gained mutation: Your muscles are strong. (Str +4, Int/Dex
                  | -1) [potion of mutation]
  7970 | D:5      | Reached skill level 5 in Armour
  8095 | D:5      | Found a hazy altar of Hepliaklqana.
  8136 | D:5      | Reached XP level 8. HP: 36/41 MP: 11/11
  8510 | D:5      | Reached skill level 8 in Fire Magic
  8617 | D:5      | Found a glowing golden altar of the Shining One.
  8657 | D:6      | Noticed Duvessa
  8657 | D:6      | Noticed Dowan
  8662 | D:6      | Killed Dowan
  8679 | D:5      | Slain by Duvessa

Illustrated notes

Levels and vault maps discovered:
D:1:      heliophobic_arrival_enchanted_forest, layout_loops_corners,
          serial_shops, nicolae_shop_mannequins
D:2:      layout_basic
D:3:      layout_rooms, mainiacjoe_overflow_surrounded_room,
          fedhas_altar_fruit_tree, mainiacjoe_overflow_brackets,
          nicolae_overflow_hidden_temple, ebering_ecumenical_altar_rust,
          corexii_shack
D:4:      layout_basic, mainiacjoe_overflow_alcove_4, temple_doors_e,
          gammafunk_ghost_nasty_kobolds
D:5:      layout_cave_pools, tso_oasis_becter, marbit_many_paths,
          enter_ossuary_3
D:6:      cheibrodos_thug_alley, layout_rooms, gup_sewer_entry_pipe,
          uniq_duvessa
Temple:   corrupted_temple

Skill      XL: |  1  2  3  4  5  6  7  8 |
---------------+-------------------------+-----
Armour         | 1 2 3 4 5 |  5.3
Fire Magic     | 4 5 6 7 8 |  8.0
Dodging        | |  1.6
Stealth        | |  2.3
Spellcasting   | |  2.0
Conjurations   | |  1.8

Action                     |  1- 3 |  4- 6 |  7- 9 || total
---------------------------+-------+-------+-------++-------
  Melee: Unarmed           |    11 |       |       ||    11
         Dagger            |    23 |     6 |       ||    29
         Staff             |       |    35 |    54 ||    89
   Cast: Foxfire           |   134 |   260 |    98 ||   492
         Scorch            |       |     5 |     2 ||     7
    Use: Potion            |       |     1 |    12 ||    13
         Scroll            |       |       |     5 ||     5
 Armour: Robe              |    13 |    48 |    35 ||    96
  Dodge: Dodged            |    36 |    90 |    42 ||   168
